 Dungeon Crawl Stone Soup version 0.31.0-9-g3a7656b989 (webtiles) character file.

Game seed: 2965506767111346737

13125 qw the Nimble (level 11, -45/55 HPs)
             Began as a Spriggan Hunter on Feb 2, 2024.
             Was a High Priest of Okawaru.
             Killed from afar by an eleionoma (57 damage)
             ... with a spray of wooden splinters
             ... on level 2 of the Lair of Beasts.
             The game lasted 00:01:07 (9339 turns).

qw the Nimble (Spriggan Hunter)                     Turns: 9339, Time: 00:01:07

Health: -45/55     AC:  5    Str:  7    XL:     11   Next: 71%
Magic:  15/18      EV: 35    Int: 12    God:    Okawaru [*****.]
Gold:   1034       SH:  5    Dex: 28    Spells: 10/10 levels left

rFire   + . .        e - +0 orcbow
rCold   + . .        (shield currently unavailable)
rNeg    . . .        l - +2 robe {rC+ rF+}
rPois   .            (helmet restricted)
rElec   .            g - +0 cloak
rCorr   .            (gloves unavailable)
SInv    +            (boots unavailable)
Will    +....        d - amulet of reflection
Stlth   +++          n - +6 ring of dexterity
HPRegen 0.29/turn    h - +4 ring of slaying {mikee}
MPRegen 0.16/turn

%: reflection
@: lethally poisoned (-45 -> -46), about to teleport, finesse-ful, very quick
A: very small, no large weapons, unfitting armour, see invisible, speed 3
a: Renounce Religion, Heroism, Finesse, Duel


You were on level 2 of the Lair of Beasts.
You worshipped Okawaru.
Okawaru was extremely pleased with you.
You visited 2 branches of the dungeon, and saw 10 of its levels.

You collected 1265 gold pieces.
You spent 231 gold pieces at shops.


Innate Abilities, Weirdness & Mutations

You are very small and have problems with some larger weapons.
You are too small for most types of armour.
You have supernaturally acute eyesight. (SInv)
You cover ground extremely quickly. (Speed+++)


   Skills:
 - Level 5.0 Fighting
 + Level 12.2 Ranged Weapons
 - Level 14.0 Dodging
 - Level 1.5 Stealth
 + Level 9.2 Invocations


You had 10 spell levels left.
You didn't know any spells.
Your spell library was empty.

Inventory:

Hand Weapons
 e - a +0 orcbow (weapon)
Armour
 g - a +0 cloak (worn)
 l - a +2 robe of resistance (worn)
Jewellery
 d - an amulet of reflection (around neck)
 h - a +4 ring of slaying (right hand) {mikee}
 n - a +6 ring of dexterity (left hand)
 p - a ring of poison resistance
 q - a ring of wizardry
 Y - a ring of protection from fire
Wands
 b - a wand of mindburst (12)
 c - a wand of iceblast (6)
Scrolls
 a - a scroll of amnesia {unknown}
 f - 5 scrolls of teleportation
Potions
 i - 3 potions of curing
 j - 2 potions of enlightenment
 k - a potion of mutation
 m - 2 potions of magic
 o - 5 potions of might
 r - 2 potions of haste

Dungeon Overview and Level Annotations

Branches:
Dungeon (8/15)             Temple (0/1) D:6            Lair (2/5) D:8
  Swamp (0/4) Lair:2
  Snake: Lair:2-3    Spider: Lair:2-3

Altars:
Okawaru

Shops:
D:4 *

Portals:
Volcano: Lair:2

Annotations:
D:6 2 transporters


Message History

The eleionoma is moderately wounded.
You feel sick.
The water moccasin bites you but does no damage.
You shoot an arrow. The arrow closely misses the eleionoma.
You feel sick. You block the water moccasin's attack.
The eleionoma barely misses you.
You shoot an arrow. The arrow closely misses the eleionoma.
You feel sick.
The water moccasin completely misses you.
You shoot an arrow. The arrow hits the eleionoma!
The eleionoma is heavily wounded.
The eleionoma misses you.
You shoot an arrow. The arrow hits the eleionoma.
The eleionoma is heavily wounded.
You feel sick. You block the water moccasin's attack.
You shoot an arrow. The arrow hits the eleionoma!!
The eleionoma is severely wounded.
You shoot an arrow. The arrow hits the eleionoma!!
The eleionoma is almost dead.
You feel sick.
The water moccasin completely misses you.
The eleionoma touches a tree and draws upon its vitality.
The eleionoma is healed.
You shoot an arrow. The arrow hits the eleionoma.
The eleionoma is heavily wounded.
The water moccasin misses you.
You shoot an arrow. The arrow closely misses the eleionoma.
You feel sick.
The eleionoma hurls a spray of splinters at you.
You block the spray of wooden splinters... and reflect it back!
The spray of wooden splinters hits the eleionoma!!
9339 ||| READING 6 scrolls of teleportation.
As you read the scroll of teleportation, it crumbles to dust.
You feel strangely unstable.
You feel sick.
The water moccasin completely misses you.
The eleionoma hurls a spray of splinters at you.
The spray of wooden splinters hits you!!!
Ouch! That really hurt!
You die...

#.#P... .... .......
.#..... .... .......
...#..... ..... ##+.###
............... ...
....... ...............
... . ...<...
P........P..#.# 7¤7 ...
.......
#........#....##7S7~¤#
.......
.%.......#..#.¤7@R¤7
..?....
...#..#.#.......77¤¤¤¤..
P##..##
.P..........#.#7.7 ¤¤7..
.......
................7.~ 7¤¤
.......
###..............7.7 ¤.
.......
#.##..#P............. .
#.P.###
#..######.#P..####....
###### ..P# ##.....#
######..### %.# #....##
#.#....###


You could see an eleionoma and a water moccasin.

Vanquished Creatures
  A catoblepas (Lair:1)
  A lindwurm (Lair:1)
  9 cane toads
  2 komodo dragons (Lair:1)
  A troll (D:7)
  3 blink frogs (Lair:2)
  13 yaks
  3 wyverns
  A wraith (D:8)
  3 fire bats (Lair:2)
  2 basilisks (Lair:2)
  7 water moccasins
  7 black bears
  5 ogres
  A sky beast (D:7)
  A centaur (D:8)
  6 wolves
  2 phantoms (D:5)
  A kobold brigand (D:8)
  3 bullfrogs (D:8)
  2 scorpions
  17 wights
  8 killer bees
  An electric eel (Lair:2)
  3 hounds
  An orc priest (D:4)
  A gnoll bouda (D:4)
  A jelly (D:4)
  4 sleepcaps (D:6)
  Natasha (D:2)
  2 iguanas
  4 orc wizards
  15 adders
  8 gnolls
  A shadow imp (D:7)
  2 white imps
  2 ufetubi (D:5)
  2 dart slugs
  4 ribbon worms
  18 orcs
  15 ball pythons
  7 endoplasms
  5 giant cockroaches
  4 goblins
  9 hobgoblins
  7 jackals (D:1)
  14 kobolds
  3 quokkas
  5 bats
  6 frilled lizards
  6 rats
250 creatures vanquished.

Notes
Turn   | Place    | Note
-------+----------+-------------------------------------------
     0 | D:1      | qw the Spriggan Hunter began the quest for the Orb.
     0 | D:1      | Reached XP level 1. HP: 10/10 MP: 2/2
     0 | D:1      | 0 ||| qw: Version: 0.3-a-155-g5e7d8dd
     0 | D:1      | 0 ||| qw: Game counter: 1180
     0 | D:1      | 0 ||| qw: Melee chars always use a shield: true
     0 | D:1      | 0 ||| qw: God list: Okawaru
     0 | D:1      | 0 ||| qw: Allow faded altars: false
     0 | D:1      | 0 ||| qw: Do Orc after clearing Dungeon:15 true
     0 | D:1      | 0 ||| qw: Do second Lair branch before Depths: true
     0 | D:1      | 0 ||| qw: Lair rune preference: random
     0 | D:1      | 0 ||| qw: Goals: Normal
     0 | D:1      | 0 ||| PLANNING D:1-11
    78 | D:1      | Reached skill level 3 in Dodging
   122 | D:1      | Reached XP level 2. HP: 14/14 MP: 3/3
   160 | D:1      | Reached skill level 4 in Dodging
   386 | D:1      | Reached XP level 3. HP: 18/18 MP: 4/4
   897 | D:1      | 897 ||| READING scroll labelled YPLOSERUPRE.
   898 | D:1      | 898 ||| READING scroll labelled HAXTOSCHION.
   898 | D:1      | 898 ||| BRANDING +0 shortbow.
   899 | D:1      | 899 ||| READING scroll labelled TUVACA HESALU.
   899 | D:1      | 899 ||| IDENTIFYING scroll labelled YXAUZX RATU
   900 | D:1      | 900 ||| DROPPING scroll of butterflies.
   901 | D:1      | 901 ||| DROPPING scroll of revelation.
  1265 | D:2      | Noticed Natasha
  1270 | D:2      | Killed Natasha
  1271 | D:2      | Reached XP level 4. HP: 22/22 MP: 5/5
  1490 | D:2      | 1490 ||| DROPPING amulet of magic regeneration.
  1491 | D:2      | 1491 ||| READING scroll of identify.
  1491 | D:2      | 1491 ||| IDENTIFYING amethyst potion
  1492 | D:2      | 1492 ||| READING scroll labelled SOIZI ITTEGAUD.
  1496 | D:2      | 1496 ||| READING scroll labelled KIRHIQ YMEUSE.
  1497 | D:2      | 1497 ||| READING scroll labelled PEGRAR KIORGH.
  1706 | D:3      | Reached skill level 5 in Dodging
  2075 | D:3      | Reached XP level 5. HP: 26/26 MP: 6/6
  2358 | D:3      | 2358 ||| UPGRADING to amulet of reflection.
  2861 | D:4      | Found Sopnus's Assorted Antiques.
  2868 | D:4      | 2868 ||| BUYING pink potion (23 gold).
  2868 | D:4      | Bought a pink potion for 23 gold pieces
  2868 | D:4      | 2868 ||| BUYING runed golden ring (130 gold).
  2868 | D:4      | Bought a runed golden ring for 130 gold pieces
  2868 | D:4      | 2868 ||| BUYING scroll labelled ADWEZA YDDOSESM (26 gold).
  2868 | D:4      | Bought a scroll labelled ADWEZA YDDOSESM for 26 gold pieces
  2868 | D:4      | 2868 ||| BUYING scroll of identify (52 gold).
  2868 | D:4      | Bought a scroll of identify for 52 gold pieces
  2868 | D:4      | 2868 ||| SHOPLISTING steel ring (130 gold, have 6).
  2912 | D:4      | Reached skill level 6 in Ranged Weapons
  2912 | D:4      | 2912 ||| FLEEEEING.
  2913 | D:4      | 2913 ||| FLEEEEING.
  2914 | D:4      | 2914 ||| FLEEEEING.
  2915 | D:4      | 2915 ||| FLEEEEING.
  3134 | D:4      | Reached XP level 6. HP: 30/30 MP: 7/7
  3483 | D:4      | 3483 ||| RETREEEEATING.
  3485 | D:4      | 3485 ||| RETREEEEATING.
  3486 | D:4      | 3486 ||| RETREEEEATING.
  3495 | D:4      | Reached skill level 6 in Dodging
  3510 | D:4      | 3510 ||| FLEEEEING.
  3512 | D:4      | 3512 ||| FLEEEEING.
  3513 | D:4      | 3513 ||| FLEEEEING.
  3514 | D:4      | 3514 ||| FLEEEEING.
  3515 | D:4      | 3515 ||| FLEEEEING.
  3516 | D:4      | 3516 ||| FLEEEEING.
  3517 | D:4      | 3517 ||| FLEEEEING.
  3518 | D:4      | 3518 ||| FLEEEEING.
  3519 | D:4      | 3519 ||| FLEEEEING.
  3522 | D:4      | 3522 ||| FLEEEEING.
  3525 | D:4      | 3525 ||| FLEEEEING.
  3526 | D:4      | 3526 ||| FLEEEEING.
  3527 | D:4      | 3527 ||| FLEEEEING.
  3528 | D:4      | 3528 ||| FLEEEEING.
  3529 | D:4      | 3529 ||| FLEEEEING.
  3531 | D:4      | 3531 ||| FLEEEEING.
  3532 | D:4      | 3532 ||| FLEEEEING.
  3533 | D:4      | 3533 ||| FLEEEEING.
  3534 | D:4      | 3534 ||| FLEEEEING.
  3535 | D:4      | 3535 ||| FLEEEEING.
  3536 | D:4      | 3536 ||| FLEEEEING.
  3537 | D:4      | 3537 ||| FLEEEEING.
  3541 | D:4      | 3541 ||| FLEEEEING.
  3542 | D:4      | 3542 ||| FLEEEEING.
  3543 | D:4      | 3543 ||| FLEEEEING.
  3544 | D:4      | 3544 ||| FLEEEEING.
  3545 | D:4      | 3545 ||| FLEEEEING.
  3548 | D:4      | 3548 ||| FLEEEEING.
  3549 | D:4      | 3549 ||| FLEEEEING.
  3550 | D:4      | 3550 ||| FLEEEEING.
  3552 | D:4      | 3552 ||| FLEEEEING.
  3553 | D:4      | 3553 ||| FLEEEEING.
  3554 | D:4      | 3554 ||| FLEEEEING.
  3557 | D:4      | 3557 ||| FLEEEEING.
  3558 | D:4      | 3558 ||| FLEEEEING.
  3559 | D:4      | 3559 ||| FLEEEEING.
  3560 | D:4      | 3560 ||| FLEEEEING.
  3561 | D:4      | 3561 ||| STAIRDANCE
  3596 | D:3      | 3596 ||| UPGRADING to +6 ring of dexterity.
  3597 | D:3      | 3597 ||| UPGRADING to ring of positive energy.
  3598 | D:3      | 3598 ||| UPGRADING to ring of protection from fire.
  3600 | D:3      | 3600 ||| READING 6 scrolls of identify.
  3600 | D:3      | 3600 ||| IDENTIFYING black potion
  3601 | D:3      | 3601 ||| READING 5 scrolls of identify.
  3601 | D:3      | 3601 ||| IDENTIFYING gluggy blue potion
  3602 | D:3      | 3602 ||| READING 4 scrolls of identify.
  3602 | D:3      | 3602 ||| IDENTIFYING puce potion
  3603 | D:3      | 3603 ||| READING 3 scrolls of identify.
  3603 | D:3      | 3603 ||| IDENTIFYING inky potion
  3604 | D:3      | 3604 ||| READING 2 scrolls of identify.
  3604 | D:3      | 3604 ||| IDENTIFYING 2 pink potions
  3605 | D:3      | 3605 ||| READING scroll of identify.
  3605 | D:3      | 3605 ||| IDENTIFYING 2 golden potions
  3606 | D:3      | 3606 ||| READING scroll labelled OPILAU ZYLYKE.
  3707 | D:3      | 3707 ||| READING scroll labelled ZUICEL REIW.
  3707 | D:3      | 3707 ||| ENCHANTING +0 shortbow of flaming.
  3708 | D:3      | 3708 ||| READING scroll labelled ADWEZA YDDOSESM.
  3709 | D:3      | 3709 ||| DRINKING 3 fuming puce potions.
  3710 | D:3      | 3710 ||| DROPPING potion of ambrosia.
  3711 | D:3      | 3711 ||| DROPPING potion of attraction.
  3911 | D:5      | Entered Level 5 of the Dungeon
  3912 | D:5      | 3912 ||| STAIRDANCE
  3970 | D:5      | Reached skill level 7 in Dodging
  3970 | D:5      | Reached XP level 7. HP: 35/35 MP: 8/8
  4018 | D:5      | 4018 ||| RETREEEEATING.
  4051 | D:5      | Reached skill level 8 in Dodging
  4114 | D:5      | Reached skill level 9 in Dodging
  4264 | D:5      | Reached XP level 8. HP: 34/39 MP: 9/9
  4466 | D:5      | 4466 ||| READING scroll labelled QIM VEH MUDENO.
  4524 | D:6      | Found a transporter.
  4532 | D:6      | Found a transporter.
  4620 | D:6      | Reached skill level 3 in Fighting
  4717 | D:6      | Found an iron altar of Okawaru.
  4718 | D:6      | 4718 ||| PLANNING OKAWARU WORSHIP
  4718 | D:6      | 4718 ||| UPGRADING to +0 cloak.
  4723 | D:6      | 4723 ||| DROPPING ring of flight.
  4728 | D:6      | Became a worshipper of Warmaster Okawaru
  4729 | D:6      | 4729 ||| PLANNING D:1-11
  4747 | D:6      | 4747 ||| RETREEEEATING.
  4748 | D:6      | 4748 ||| ZAPPING wand of mindburst (13) at -1,-1 (black
                  | bear; floor).
  4846 | D:6      | Reached skill level 9 in Ranged Weapons
  4857 | D:6      | Found a staircase to the Ecumenical Temple.
  4929 | D:6      | 4929 ||| RETREEEEATING.
  4943 | D:6      | Reached * piety under Okawaru
  4944 | D:6      | Reached skill level 10 in Dodging
  5151 | D:6      | Reached skill level 1 in Invocations
  5259 | D:7      | Reached XP level 9. HP: 44/44 MP: 9/11
  5339 | D:7      | Noticed a troll
  5340 | D:7      | 5340 ||| INVOKING Heroism.
  5346 | D:7      | Killed a troll
  5401 | D:7      | Reached skill level 3 in Invocations
  5434 | D:7      | 5434 ||| RETREEEEATING.
  5435 | D:7      | 5435 ||| RETREEEEATING.
  5436 | D:7      | 5436 ||| RETREEEEATING.
  5437 | D:7      | 5437 ||| RETREEEEATING.
  5438 | D:7      | 5438 ||| RETREEEEATING.
  5439 | D:7      | 5439 ||| RETREEEEATING.
  5442 | D:7      | 5442 ||| RETREEEEATING.
  5443 | D:7      | 5443 ||| RETREEEEATING.
  5444 | D:7      | 5444 ||| RETREEEEATING.
  5445 | D:7      | 5445 ||| RETREEEEATING.
  5452 | D:7      | Reached ** piety under Okawaru
  5461 | D:7      | Reached skill level 11 in Dodging
  6213 | D:7      | 6213 ||| READING 2 scrolls of identify.
  6213 | D:7      | 6213 ||| IDENTIFYING scroll labelled AXET YFFIUQUNK
  6213 | D:7      | Identified a scroll of acquirement
  6214 | D:7      | 6214 ||| READING scroll of acquirement.
  6214 | D:7      | 6214 ||| ACQUIRING 764 gold pieces
  6214 | D:7      | Acquired 764 gold pieces
  6248 | D:8      | 6248 ||| STAIRDANCE
  6512 | D:8      | Reached *** piety under Okawaru
  6513 | D:8      | Reached skill level 12 in Dodging
  6578 | D:8      | Noticed a fire crab
  6579 | D:8      | 6579 ||| INVOKING Heroism.
  6587 | D:8      | HP: 10/45 [fire crab] (6)]
  6588 | D:8      | 6588 ||| READING 6 scrolls of teleportation.
  6588 | D:8      | HP: 3/45 [fire crab] (7)]
  6589 | D:8      | 6589 ||| DRINKING 2 potions of heal wounds.
  6592 | D:8      | 6592 ||| DRINKING potion of heal wounds.
  6668 | D:8      | Reached XP level 10. HP: 49/49 MP: 14/14
  6724 | D:8      | 6724 ||| SWAPPING to +0 orcbow.
  6725 | D:8      | 6725 ||| DROPPING +1 shortbow of flaming.
  6851 | D:8      | Found a staircase to the Lair.
  6978 | D:8      | 6978 ||| PLANNING LAIR
  6978 | D:8      | 6978 ||| UPGRADING to +1 robe of resistance.
  6988 | D:8      | 6988 ||| DROPPING +0 robe.
  6989 | D:8      | 6989 ||| READING scroll of identify.
  6989 | D:8      | 6989 ||| IDENTIFYING yellow potion
  6990 | D:8      | 6990 ||| READING scroll labelled BILIJE QAOCORAX.
  6990 | D:8      | 6990 ||| ENCHANTING +1 robe of resistance.
  6991 | D:8      | 6991 ||| READING scroll labelled NOGITR COIDULE.
  6993 | D:8      | 6993 ||| Stepping ~*~*~tactically~*~*~ (cloud).
  7077 | Lair:1   | Entered Level 1 of the Lair of Beasts
  7080 | Lair:1   | 7080 ||| STAIRDANCE
  7109 | Lair:1   | Noticed a catoblepas
  7110 | Lair:1   | 7110 ||| INVOKING Heroism.
  7114 | Lair:1   | 7114 ||| Stepping ~*~*~tactically~*~*~ (cloud).
  7117 | Lair:1   | 7117 ||| Stepping ~*~*~tactically~*~*~ (cloud).
  7123 | Lair:1   | Killed a catoblepas
  7123 | Lair:1   | Reached **** piety under Okawaru
  7163 | Lair:1   | Noticed a cane toad
  7164 | Lair:1   | 7164 ||| RETREEEEATING.
  7165 | Lair:1   | 7165 ||| RETREEEEATING.
  7166 | Lair:1   | 7166 ||| RETREEEEATING.
  7195 | Lair:1   | 7195 ||| INVOKING Finesse.
  7207 | Lair:1   | Killed a cane toad
  7248 | Lair:1   | Noticed a cane toad
  7249 | Lair:1   | 7249 ||| INVOKING Finesse.
  7250 | Lair:1   | 7250 ||| INVOKING Finesse.
  7258 | Lair:1   | Noticed a cane toad
  7259 | Lair:1   | Killed a cane toad
  7270 | Lair:1   | Killed a cane toad
  7354 | Lair:1   | 7354 ||| RETREEEEATING.
  7355 | Lair:1   | 7355 ||| RETREEEEATING.
  7356 | Lair:1   | 7356 ||| RETREEEEATING.
  7362 | Lair:1   | Reached skill level 13 in Dodging
  7381 | Lair:1   | Reached skill level 6 in Invocations
  7477 | Lair:1   | Noticed a cane toad
  7478 | Lair:1   | 7478 ||| INVOKING Finesse.
  7489 | Lair:1   | Killed a cane toad
  7500 | Lair:1   | HP: 12/49 [poisoned by a cane toad]
  7676 | Lair:1   | Noticed a cane toad
  7691 | Lair:1   | 7691 ||| INVOKING Finesse.
  7699 | Lair:1   | Killed a cane toad
  7754 | Lair:1   | Reached ***** piety under Okawaru
  7861 | Lair:1   | Reached XP level 11. HP: 26/53 MP: 17/17
  8092 | Lair:1   | Noticed a lindwurm
  8093 | Lair:1   | 8093 ||| INVOKING Finesse.
  8117 | Lair:1   | Killed a lindwurm
  8118 | Lair:1   | Reached skill level 12 in Ranged Weapons
  8454 | Lair:1   | 8454 ||| DROPPING amulet of regeneration.
  8455 | Lair:1   | 8455 ||| UPGRADING to +4 ring of slaying {mikee}.
  8457 | Lair:1   | 8457 ||| DROPPING ring of positive energy.
  8518 | Lair:2   | 8518 ||| RETREEEEATING.
  8519 | Lair:2   | 8519 ||| RETREEEEATING.
  8520 | Lair:2   | 8520 ||| RETREEEEATING.
  8521 | Lair:2   | 8521 ||| RETREEEEATING.
  8752 | Lair:2   | Received a gift from Okawaru
  8764 | Lair:2   | 8764 ||| RETREEEEATING.
  8769 | Lair:2   | 8769 ||| RETREEEEATING.
  8775 | Lair:2   | 8775 ||| RETREEEEATING.
  8777 | Lair:2   | 8777 ||| RETREEEEATING.
  8782 | Lair:2   | 8782 ||| RETREEEEATING.
  8783 | Lair:2   | 8783 ||| RETREEEEATING.
  8786 | Lair:2   | 8786 ||| RETREEEEATING.
  8842 | Lair:2   | Reached skill level 14 in Dodging
  8877 | Lair:2   | Found a dark tunnel.
  9108 | Lair:2   | 9108 ||| RETREEEEATING.
  9109 | Lair:2   | 9109 ||| RETREEEEATING.
  9110 | Lair:2   | 9110 ||| RETREEEEATING.
  9111 | Lair:2   | 9111 ||| RETREEEEATING.
  9112 | Lair:2   | 9112 ||| RETREEEEATING.
  9113 | Lair:2   | 9113 ||| RETREEEEATING.
  9114 | Lair:2   | 9114 ||| RETREEEEATING.
  9115 | Lair:2   | 9115 ||| RETREEEEATING.
  9116 | Lair:2   | 9116 ||| RETREEEEATING.
  9117 | Lair:2   | 9117 ||| RETREEEEATING.
  9118 | Lair:2   | 9118 ||| RETREEEEATING.
  9119 | Lair:2   | 9119 ||| RETREEEEATING.
  9120 | Lair:2   | 9120 ||| RETREEEEATING.
  9122 | Lair:2   | 9122 ||| RETREEEEATING.
  9123 | Lair:2   | 9123 ||| RETREEEEATING.
  9124 | Lair:2   | 9124 ||| RETREEEEATING.
  9125 | Lair:2   | 9125 ||| RETREEEEATING.
  9126 | Lair:2   | 9126 ||| RETREEEEATING.
  9127 | Lair:2   | 9127 ||| RETREEEEATING.
  9128 | Lair:2   | 9128 ||| RETREEEEATING.
  9129 | Lair:2   | 9129 ||| RETREEEEATING.
  9130 | Lair:2   | 9130 ||| RETREEEEATING.
  9131 | Lair:2   | 9131 ||| RETREEEEATING.
  9133 | Lair:2   | 9133 ||| INVOKING Finesse.
  9205 | Lair:2   | Reached skill level 9 in Invocations
  9301 | Lair:2   | Found a staircase to the Swamp.
  9301 | Lair:2   | Noticed an eleionoma
  9302 | Lair:2   | 9302 ||| INVOKING Finesse.
  9338 | Lair:2   | HP: 13/55 [poisoned by a water moccasin]
  9339 | Lair:2   | 9339 ||| READING 6 scrolls of teleportation.
  9339 | Lair:2   | Killed from afar by an eleionoma

Levels and vault maps discovered:
D:1:      dpeg_arrival_circle_labyrinth_a, layout_basic, lexackson_kobold_supper
D:2:      layout_loops_ring, uniq_natasha
D:3:      layout_basic
D:4:      minmay_opposing_rooms, layout_loops_corners, serial_shops,
          nicolae_shop_hallway_plus, minmay_snake_closets
D:5:      layout_layer_cave
D:6:      gammafunk_steamed_eel, layout_loops_cross, lemuel_doored_altar,
          minmay_temple_entry_trees
D:7:      layout_gridville
D:8:      layout_rooms, minmay_lair_entry_lava
Lair:1:   layout_chaotic_city, nicolae_lair_lindhole, lemuel_fruit_tree,
          grunt_megastairs_3, serial_bayou_shore_b
Lair:2:   beast_lair_carwin_large_2, layout_chaotic_city,
          alex1729_swamp_entry_worm_eleionoma, nicolae_volcano_entry_batcave,
          infiniplex_staircase_pool_2, serial_bayou_shore_a

Skill      XL: |  1  2  3  4  5  6  7  8  9 10 11 |
---------------+----------------------------------+-----
Dodging        | 3 4 5 7 9 10 12 13 14 | 14.0
Ranged Weapons | 5 6 7 9 10 11 12 | 12.2
Fighting       | 2 3 4 5 |  5.0
Invocations    | 1 4 6 9 |  9.2
Stealth        | |  1.5

Action                     |  1- 3 |  4- 6 |  7- 9 | 10-12 || total
---------------------------+-------+-------+-------+-------++-------
   Fire: Shortbow          |   132 |   157 |   372 |    17 ||   678
         Orcbow            |       |       |       |   404 ||   404
 Invoke: Heroism           |       |       |     2 |     1 ||     3
         Finesse           |       |       |       |     7 ||     7
  Evoke: Wand              |       |       |     1 |       ||     1
    Use: Scroll            |     3 |    13 |     4 |     4 ||    24
         Potion            |       |     1 |     2 |       ||     3
 Armour: Robe              |    19 |    13 |    42 |    49 ||   123
  Dodge: Dodged            |    48 |    45 |   161 |   178 ||   432
  Block: Other             |       |    10 |    32 |    32 ||    74
         Reflection        |       |       |       |     1 ||     1

Table legend:
 A = Non-vault XP
 B = Vault XP
 C = Vault XP percentage of total XP
 D = Non-vault monster count
 E = Vault monster count
 F = Vault count percentage of total count
                 A         B        C        D         E       F
            +---------+---------+-------+---------+---------+-------
      Total |   16571 |    2180 |  11.6 |     213 |      37 |  14.8
            +---------+---------+-------+---------+---------+-------
        D:1 |      52 |      10 |  16.1 |      28 |       8 |  22.2
        D:2 |      29 |      35 |  54.7 |      14 |       1 |   6.7
        D:3 |      81 |       0 |   0.0 |      22 |       0 |   0.0
        D:4 |     211 |     238 |  53.0 |      19 |      19 |  50.0
        D:5 |     998 |       0 |   0.0 |      23 |       0 |   0.0
        D:6 |    1128 |       0 |   0.0 |      16 |       0 |   0.0
        D:7 |    1403 |       0 |   0.0 |      20 |       0 |   0.0
        D:8 |    1833 |       0 |   0.0 |      28 |       0 |   0.0
     Lair:1 |    5550 |     913 |  14.1 |      18 |       3 |  14.3
     Lair:2 |    5286 |     984 |  15.7 |      25 |       6 |  19.4
            +---------+---------+-------+---------+---------+-------
